[Event "Titled Tuesday Blitz August 09 Early 2022"]
[White "Mathieu, Phileas"]
[Black "Piesik, Piotr"]
[WhiteFideId "36048410"]
[BlackFideId "1136194"]
[WhiteElo "2138"]
[BlackElo "2221"]
[Result "0-1"]
[Round "01"]
[TimeControl "180+1"]
[Date "2022.08.09"]
[WhiteClock "0:00:05"]
[BlackClock "0:00:38"]

1. e4 g6 2. d4 Bg7 3. Nc3 c6 4. Be3 d5 5. e5 Nh6 6. f3 f6 7. exf6 exf6 8. Bd3 Nf5 9. Bf2 O-O 10. Nge2 Re8 11. Qd2 Bh6 12. f4 Nd6 13. O-O-O Bf5 14. Bxf5 Nxf5 15. Rhe1 Nd7 16. Ng1 Nb6 17. b3 Qd6 18. g3 a5 19. a4 Bf8 20. Kb1 Qa3 21. Qc1 Qb4 22. Na2 Qd6 23. g4 Ng7 24. Nf3 Qa3 25. Qxa3 Bxa3 26. Bg3 Nd7 27. Nc1 Bd6 28. Nd3 b5 29. axb5 cxb5 30. g5 Nf5 31. gxf6 Nxf6 32. Nfe5 Ne4 33. Nc5 Nc3+ 34. Kb2 Nxd1+ 35. Rxd1 Rec8 36. Nb7 Bb4 37. Be1 Bxe1 38. Rxe1 Nxd4 39. c3 Nf5 40. b4 axb4 41. cxb4 Ra4 42. Nd3 Rca8 43. Nbc5 Ra2+ 44. Kc3 R8a3+ 45. Nb3 d4# 0-1


[Site "https://www.chess.com"]

[Event "Titled Tuesday Blitz August 09 Early 2022"]
[White "Matlakov, Maxim"]
[Black "Ianov, Viktor"]
[WhiteFideId "4168003"]
[BlackFideId "14102730"]
[WhiteElo "2669"]
[BlackElo "2152"]
[Result "1-0"]
[Round "01"]
[TimeControl "180+1"]
[Date "2022.08.09"]
[WhiteClock "0:00:46"]
[BlackClock "0:00:04"]

1. d4 d6 2. Nf3 g6 3. g3 Bg7 4. Bg2 Nf6 5. O-O O-O 6. Nc3 Nbd7 7. e4 e5 8. Re1 c6 9. a4 b6 10. h3 a6 11. b3 Re8 12. Ba3 Bf8 13. Qd2 Bb7 14. Rad1 Qc7 15. dxe5 dxe5 16. Bd6 Qc8 17. Bxf8 Nxf8 18. Qg5 N6d7 19. Rd6 Ne6 20. Qh6 f6 21. Red1 Ndf8 22. h4 Qc7 23. h5 Qg7 24. Qe3 b5 25. Qb6 Re7 26. R1d2 Rae8 27. b4 Qh6 28. Nh4 Qxh5 29. Ne2 Qh6 30. c3 Nd4 31. Nf3 Nxe2+ 32. Rxe2 Kg7 33. Red2 Kg8 34. a5 Rf7 35. Nh2 Qg5 36. Nf1 h5 37. Nh2 Qh6 38. Nf3 Kh8 39. Nh4 Qg5 40. Rd1 Kg7 41. Bh3 Qh6 42. Bf5 Qg5 43. Bd7 Nxd7 44. Rxd7 Bc8 45. Rxf7+ Kxf7 46. Qxc6 Bg4 47. Rd6 Re7 48. Qxa6 Qc1+ 49. Kg2 Qg5 50. Qxb5 Qc1 51. Qc4+ Kg7 52. Qd3 1-0


[Site "https://www.chess.com"]

[Event "Titled Tuesday Blitz August 09 Early 2022"]
[White "Matveeva, Olga"]
[Black "Eynullayev, Atilla"]
[WhiteFideId "24107018"]
[BlackFideId "13413570"]
[WhiteElo "2052"]
[BlackElo "1936"]
[Result "0-1"]
[Round "01"]
[TimeControl "180+1"]
[Date "2022.08.09"]
[WhiteClock "0:00:07"]
[BlackClock "0:00:17"]

1. d4 Nf6 2. c4 e6 3. g3 d5 4. Nf3 Be7 5. Bg2 O-O 6. O-O dxc4 7. Qc2 a6 8. a4 Bd7 9. Qxc4 Bc6 10. Bf4 Bd6 11. Bg5 Bd5 12. Qc1 a5 13. Nc3 Bxf3 14. Bxf3 c6 15. Rd1 h6 16. Bxf6 Qxf6 17. Ne4 Qe7 18. Nxd6 Qxd6 19. Qc3 Nd7 20. Rac1 Rfd8 21. e3 Qe7 22. Qb3 Qb4 23. Qxb4 axb4 24. b3 Nb6 25. Rc5 f5 26. Rdc1 g5 27. Kf1 Kf7 28. h3 Kf6 29. Ke2 Rd6 30. R5c2 Ra5 31. Rc5 Ra8 32. R5c2 Ke7 33. Rc5 Kd7 34. R5c2 Kc7 35. Rc5 Rdd8 36. R5c2 Re8 37. Rc5 Re7 38. R5c2 e5 39. dxe5 Rxe5 40. Rd1 f4 41. gxf4 gxf4 42. Rd4 fxe3 43. fxe3 Rae8 44. Rd3 Nd7 45. Rc4 Nc5 46. Rdd4 Rxe3+ 47. Kf2 Nd3+ 48. Kg2 Ne1+ 49. Kf2 Rxf3+ 50. Kg1 Rg8+ 51. Kh2 Rf2+ 52. Kh1 Rf1+ 0-1


[Site "https://www.chess.com"]

[Event "Titled Tuesday Blitz August 09 Early 2022"]
[White "Menezes, Christoph"]
[Black "Belov, Vladimir"]
[WhiteFideId "1617001"]
[BlackFideId "4132394"]
[WhiteElo "2368"]
[BlackElo "2501"]
[Result "0-1"]
[Round "01"]
[TimeControl "180+1"]
[Date "2022.08.09"]
[WhiteClock "0:00:33"]
[BlackClock "0:00:48"]

1. d4 Nf6 2. c4 g6 3. Nc3 d5 4. Nf3 Bg7 5. Bf4 O-O 6. e3 c5 7. dxc5 Ne4 8. Rc1 Nd7 9. cxd5 Ndxc5 10. Be5 Bxe5 11. Nxe5 Qb6 12. Nc4 Qf6 13. f3 Qh4+ 14. g3 Nxg3 15. hxg3 Qxh1 16. Qd4 Bh3 17. Nd2 Rac8 18. Rd1 Bxf1 19. Nxf1 Qxf3 20. Rd2 e5 21. Qxe5 Rfe8 22. Qg5 Ne4 23. Qf4 Nxd2 24. Kxd2 Qg2+ 25. Kd3 Rxc3+ 26. bxc3 Qxd5+ 0-1


[Site "https://www.chess.com"]

[Event "Titled Tuesday Blitz August 09 Early 2022"]
[White "Mikhalsky, Vladimir"]
[Black "Avinash, Ramesh"]
[WhiteFideId "14144352"]
[BlackFideId "45018340"]
[WhiteElo "2301"]
[BlackElo "1901"]
[Result "0-1"]
[Round "01"]
[TimeControl "180+1"]
[Date "2022.08.09"]
[WhiteClock "0:00:02"]
[BlackClock "0:01:30"]

1. e4 e6 2. d4 d5 3. Nc3 Nf6 4. e5 Nfd7 5. f4 c5 6. Nf3 Nc6 7. Be3 Be7 8. Qd2 O-O 9. O-O-O c4 10. g4 b5 11. Ne2 b4 12. Qe1 a5 13. f5 a4 14. Nf4 b3 15. a3 Bxa3 16. bxa3 Qe7 17. Kd2 Qxa3 18. Ke2 bxc2 19. Ra1 Qb2 20. Qc1 a3 21. Bd2 Nxd4+ 22. Nxd4 Qxd4 23. Bg2 Nxe5 24. Qxc2 Nxg4 25. Rhf1 Nxh2 26. Bc3 Qc5 27. Rh1 Ng4 28. Qd2 Qf2+ 29. Kd1 Ne3+ 30. Kc1 Qxf4 31. Bd4 Nxg2 32. Qxf4 Nxf4 33. Rg1 Ne2+ 34. Kd2 Nxd4 35. f6 Nb3+ 36. Kc3 Nxa1 37. Rxg7+ Kh8 0-1


[Site "https://www.chess.com"]

[Event "Titled Tuesday Blitz August 09 Early 2022"]
[White "Miszler, Levente"]
[Black "Zou, Chen"]
[WhiteFideId "763276"]
[BlackFideId "8610959"]
[WhiteElo "1966"]
[BlackElo "2276"]
[Result "0-1"]
[Round "01"]
[TimeControl "180+1"]
[Date "2022.08.09"]
[WhiteClock "0:00:07"]
[BlackClock "0:00:12"]

1. Nf3 Nf6 2. c4 e6 3. g3 d5 4. Bg2 Be7 5. O-O O-O 6. b3 c5 7. Bb2 Nc6 8. e3 b6 9. d4 Bb7 10. Nbd2 Rc8 11. Qe2 Qc7 12. Rfd1 Rfd8 13. Rac1 cxd4 14. exd4 dxc4 15. Nxc4 Qb8 16. Nce5 Nxe5 17. dxe5 Nd5 18. Nd4 Rxc1 19. Rxc1 Rc8 20. Rxc8+ Qxc8 21. Nb5 Ba6 22. Nxa7 Qb7 23. Nb5 h6 24. a4 Qc8 25. Qc4 Qd7 26. Bd4 Bb7 27. Bxd5 Bxd5 28. Qc7 Qe8 29. Qxb6 Bxb3 30. Nd6 Qxa4 31. Qc7 Bd5 32. Qc8+ Kh7 33. Qc1 Qxd4 34. Nxf7 Qe4 0-1


[Site "https://www.chess.com"]

[Event "Titled Tuesday Blitz August 09 Early 2022"]
[White "Mitrabha, Guha"]
[Black "Myshakov, Fyodor"]
[WhiteFideId "5057000"]
[BlackFideId "14111284"]
[WhiteElo "2499"]
[BlackElo "2310"]
[Result "1-0"]
[Round "01"]
[TimeControl "180+1"]
[Date "2022.08.09"]
[WhiteClock "0:00:22"]
[BlackClock "0:00:28"]

1. Nf3 d5 2. d4 Nf6 3. Bf4 Bf5 4. c4 e6 5. Nc3 Be7 6. e3 O-O 7. Qb3 b6 8. cxd5 Nxd5 9. Nxd5 exd5 10. Be2 c5 11. dxc5 bxc5 12. O-O Nc6 13. Rfd1 c4 14. Qb5 Nb4 15. a3 a6 16. Qb7 Nc2 17. Rxd5 Nxa1 18. Rxd8 Raxd8 19. Qxe7 Bd3 20. Bc7 Rde8 21. Qc5 Bxe2 22. Nd4 Nb3 23. Nxb3 cxb3 24. Qa5 Rc8 25. f3 Rfe8 26. Kf2 Bb5 27. a4 Bd3 28. g4 h6 29. h4 Re7 30. Be5 Bc4 31. Bd4 f6 32. g5 hxg5 33. hxg5 Re6 34. g6 Rec6 35. Qh5 Kf8 36. Bc3 Rb8 37. Qh2 Rb7 38. Qf4 Be6 39. Qe4 Rbc7 40. Bb4+ Ke8 41. Kg3 Kd7 42. Ba5 Rc8 43. Qd4+ Ke7 44. Bb4+ Ke8 45. a5 R8c7 46. Qh4 Rc4 47. Qh8+ Kd7 48. Qxg7+ Kc8 49. Qxf6 R7c6 50. g7 Rxb4 51. Qf8+ Kd7 52. Qxb4 Rc8 53. Qb7+ Rc7 54. Qxa6 Bf7 55. Qf6 Ke8 56. Qe5+ Re7 57. Qb8+ Kd7 58. g8=Q Bxg8 59. Qxg8 Rxe3 60. Qd5+ Ke8 61. Qb5+ Kf7 62. Qb7+ Ke8 63. Qb8+ Kf7 64. Qa7+ Kg6 65. Qxe3 Kh5 66. a6 Kg6 67. a7 Kf5 68. a8=Q Kf6 69. Qf8+ 1-0


[Site "https://www.chess.com"]

[Event "Titled Tuesday Blitz August 09 Early 2022"]
[White "Mohammed, Dilshad"]
[Black "Szpar, Milosz"]
[WhiteFideId "5050421"]
[BlackFideId "1184989"]
[WhiteElo "2102"]
[BlackElo "2422"]
[Result "0-1"]
[Round "01"]
[TimeControl "180+1"]
[Date "2022.08.09"]
[WhiteClock "0:00:36"]
[BlackClock "0:00:10"]

1. Nf3 c5 2. c4 g6 3. h3 Bg7 4. Nc3 Nc6 5. e4 e6 6. d3 Nge7 7. Be3 Nd4 8. Be2 O-O 9. Qd2 d5 10. cxd5 exd5 11. O-O dxe4 12. dxe4 Nec6 13. Rad1 Nxf3+ 14. Bxf3 Nd4 15. Bxd4 cxd4 16. Ne2 Qb6 17. Nc1 Be6 18. b3 a5 19. Nd3 a4 20. Rb1 axb3 21. axb3 Rfc8 22. b4 Ra2 23. Rb2 Rxb2 24. Qxb2 Rc3 25. Be2 Qc6 26. b5 Qxe4 27. Rd1 b6 28. Bf3 Qh4 29. Qa1 h5 30. Qa8+ Kh7 31. Qb8 Bb3 32. Rd2 Bh6 33. Qxb6 Bxd2 34. g3 Qe7 35. Qxd4 Ba2 36. b6 Rc4 37. Qe5 Qxe5 38. Nxe5 Rc1+ 39. Kg2 Rb1 40. b7 Ba5 41. Nd7 Bc7 42. Nc5 Bc4 43. Ne4 Kg7 44. Nd2 Rb4 45. b8=Q Bxb8 46. Ne4 Bd5 47. Nc3 Bxf3+ 48. Kxf3 Rb3 49. Ke2 Rxc3 50. f4 Rxg3 51. f5 gxf5 52. Kf2 f4 53. h4 Kf6 54. Kf1 Ke5 55. Kf2 Ke4 0-1


[Site "https://www.chess.com"]

[Event "Titled Tuesday Blitz August 09 Early 2022"]
[White "Molina, Roberto Junio Brito"]
[Black "Dushyant Sharma"]
[WhiteFideId "2109450"]
[BlackFideId "25065130"]
[WhiteElo "2403"]
[BlackElo "2133"]
[Result "1-0"]
[Round "01"]
[TimeControl "180+1"]
[Date "2022.08.09"]
[WhiteClock "0:00:03"]
[BlackClock "0:00:06"]

1. d4 d5 2. Nf3 e6 3. e3 f5 4. g3 Nf6 5. Bg2 Bd6 6. O-O O-O 7. b3 c6 8. c4 Nbd7 9. Ba3 Bxa3 10. Nxa3 Qe7 11. Qc1 b6 12. Qb2 Bb7 13. Rac1 Ne4 14. Rfd1 Rac8 15. b4 Kh8 16. Nb1 Ba6 17. b5 cxb5 18. cxb5 Bb7 19. a4 a5 20. bxa6 Bxa6 21. Nbd2 Be2 22. Re1 Bd3 23. Rxc8 Rxc8 24. Rc1 Qd8 25. Nxe4 fxe4 26. Ng5 Rxc1+ 27. Qxc1 Qe8 28. Qc6 Nf6 29. Qxb6 h6 30. Nxe6 Qxa4 31. Qd8+ Kh7 32. Nf8+ Kg8 33. Ng6+ Kh7 34. Nf8+ Kg8 35. h3 Qd1+ 36. Kh2 Qe2 37. Ng6+ Kh7 38. Nf8+ Kg8 39. Ne6+ Kh7 40. Qe7 Nh5 41. Qf7 Bb5 42. g4 Be8 43. Qxe8 Qxf2 44. Qxh5 Qxe3 45. Qf5+ g6 46. Qf7+ Kh8 47. Qg7# 1-0


[Site "https://www.chess.com"]

[Event "Titled Tuesday Blitz August 09 Early 2022"]
[White "Namitbir Singh Walia"]
[Black "Salem, A.R. Saleh"]
[WhiteFideId "35071068"]
[BlackFideId "9301348"]
[WhiteElo "1664"]
[BlackElo "2674"]
[Result "0-1"]
[Round "01"]
[TimeControl "180+1"]
[Date "2022.08.09"]
[WhiteClock "0:00:09"]
[BlackClock "0:01:38"]

1. d4 d5 2. c4 e6 3. Nf3 Nf6 4. g3 Bb4+ 5. Bd2 a5 6. Bg2 O-O 7. O-O dxc4 8. a4 Nc6 9. e3 e5 10. dxe5 Ng4 11. Qe1 Bf5 12. h3 Ngxe5 13. Nxe5 Nxe5 14. Bxb4 Nd3 15. Qc3 Nxb4 16. Na3 c6 17. Nxc4 Qe7 18. e4 Be6 19. Rfd1 Bxc4 20. Qxc4 Rfd8 21. b3 h6 22. Bf3 Qf6 23. Kg2 Nd3 24. Rab1 Rd4 25. Qc2 Rad8 26. Be2 Qxf2+ 0-1


[Site "https://www.chess.com"]

[Event "Titled Tuesday Blitz August 09 Early 2022"]
[White "Navarrete Mendez, Gonzalo Alberto"]
[Black "Lakshmi C"]
[WhiteFideId "5106850"]
[BlackFideId "25035347"]
[WhiteElo "2261"]
[BlackElo "1775"]
[Result "1-0"]
[Round "01"]
[TimeControl "180+1"]
[Date "2022.08.09"]
[WhiteClock "0:00:26"]
[BlackClock "0:00:01"]

1. e4 c5 2. Nf3 Nc6 3. Nc3 e5 4. Bc4 Be7 5. d3 Nf6 6. Ng5 O-O 7. h4 Na5 8. f4 Nxc4 9. dxc4 d6 10. f5 b6 11. Qe2 a6 12. g4 b5 13. Nf3 Nxg4 14. Ng5 h5 15. Rg1 bxc4 16. Bd2 d5 17. Nxd5 Bxg5 18. hxg5 Bxf5 19. O-O-O Be6 20. Be3 Qc8 21. Ne7+ Kh8 22. Nxc8 Rfxc8 23. Rh1 g6 24. Rdg1 Kg7 25. Qf3 a5 26. Bd2 a4 27. Bc3 a3 28. Rxg4 Bxg4 29. Bxe5+ Kf8 30. Qf6 Ra7 31. Bd6+ Ke8 32. bxa3 Be6 33. Rd1 c3 34. Qxc3 c4 35. Be5 Rca8 36. Bf6 Rxa3 37. Qxa3 Rxa3 38. Rd8# 1-0


[Site "https://www.chess.com"]

[Event "Titled Tuesday Blitz August 09 Early 2022"]
[White "Omelja, Artem"]
[Black "Lebedev, Artem S."]
[WhiteFideId "14119846"]
[BlackFideId "34272747"]
[WhiteElo "2382"]
[BlackElo "1699"]
[Result "1-0"]
[Round "01"]
[TimeControl "180+1"]
[Date "2022.08.09"]
[WhiteClock "0:00:29"]
[BlackClock "0:00:10"]

1. d4 d5 2. c4 e6 3. Nc3 Nf6 4. cxd5 Nxd5 5. e4 Nxc3 6. bxc3 Be7 7. Nf3 c5 8. Be2 O-O 9. O-O cxd4 10. cxd4 Nc6 11. Be3 b6 12. Qa4 Bb7 13. Rfd1 Rc8 14. Ba6 Bxa6 15. Qxa6 Qd7 16. Ne5 Nxe5 17. dxe5 Qc7 18. Rac1 Bc5 19. Bxc5 bxc5 20. Rd6 Rfd8 21. h3 Kf8 22. Rb1 Rb8 23. Rbd1 Rdc8 24. Rd7 Qb6 25. Qe2 c4 26. Qf3 f6 27. exf6 g6 28. Qf4 c3 29. Qh6+ Ke8 30. Re7# 1-0


[Site "https://www.chess.com"]

[Event "Titled Tuesday Blitz August 09 Early 2022"]
[White "Onslow, Alfie"]
[Black "Ezat, Mohamed"]
[WhiteFideId "436976"]
[BlackFideId "10600906"]
[WhiteElo "1885"]
[BlackElo "2386"]
[Result "0-1"]
[Round "01"]
[TimeControl "180+1"]
[Date "2022.08.09"]
[WhiteClock "0:00:03"]
[BlackClock "0:00:23"]

1. e4 e5 2. Bc4 Nf6 3. d3 Nc6 4. Nc3 Bb4 5. Nf3 d5 6. exd5 Nxd5 7. O-O Bxc3 8. bxc3 O-O 9. a4 Nxc3 10. Qe1 Nd4 11. Nxe5 Qf6 12. f4 Be6 13. Bb2 Nce2+ 14. Kh1 Bxc4 15. Nxc4 Qe6 16. f5 Qe8 17. Qf2 Nxc2 18. Rae1 Nxe1 19. Rxe1 Qxa4 20. f6 Rfe8 21. fxg7 Re6 22. Ne3 Nf4 23. Nf5 Nxd3 24. Rxe6 Nxf2+ 25. Kg1 Qd1+ 26. Kxf2 Qc2+ 27. Re2 Qxf5+ 28. Kg1 Qb1+ 29. Kf2 Rd8 30. h4 Qf5+ 31. Kg1 Rd1+ 32. Kh2 Qf4+ 33. g3 Rh1+ 34. Kxh1 Qf1+ 35. Kh2 Qxe2+ 36. Kh3 Qxb2 37. h5 Qxg7 38. g4 Qg5 39. Kg3 f5 40. h6 Qxg4+ 41. Kh2 f4 42. Kh1 f3 43. Kh2 Qg2# 0-1


[Site "https://www.chess.com"]

[Event "Titled Tuesday Blitz August 09 Early 2022"]
[White "Ovezdurdyyeva, Jemal"]
[Black "Gubajdullin, Alexei"]
[WhiteFideId "14001888"]
[BlackFideId "4141202"]
[WhiteElo "1946"]
[BlackElo "2214"]
[Result "1-0"]
[Round "01"]
[TimeControl "180+1"]
[Date "2022.08.09"]
[WhiteClock "0:00:45"]
[BlackClock "0:01:23"]

1. e4 c6 2. d4 d5 3. Nd2 dxe4 4. Nxe4 Bf5 5. Ng3 Bg6 6. h4 h6 7. Nf3 Nd7 8. Bd3 Bxd3 9. Qxd3 Ngf6 10. Bf4 Qa5+ 11. Bd2 Qc7 12. O-O-O e6 13. h5 O-O-O 14. Ne2 c5 15. Bf4 Qc6 16. dxc5 Bxc5 17. Ned4 Qe4 18. Qxe4 Nxe4 19. Be3 Ndf6 20. Ne5 Rhf8 21. c3 Nd5 22. Rhf1 Ng3 23. Rfe1 Nxe3 24. Rxe3 Nxh5 25. Rf3 Nf6 26. b4 Bd6 27. Nc4 Bb8 28. Nb5 Rxd1+ 29. Kxd1 Rd8+ 30. Kc2 a6 31. Nb6# 1-0


[Site "https://www.chess.com"]

[Event "Titled Tuesday Blitz August 09 Early 2022"]
[White "Oye-Stromberg, Alexander"]
[Black "Csonka, Balazs"]
[WhiteFideId "1525999"]
[BlackFideId "742910"]
[WhiteElo "1972"]
[BlackElo "2404"]
[Result "1-0"]
[Round "01"]
[TimeControl "180+1"]
[Date "2022.08.09"]
[WhiteClock "0:00:16"]
[BlackClock "0:00:03"]

1. d4 d5 2. c4 e6 3. Nc3 a6 4. Nf3 dxc4 5. e4 b5 6. a4 b4 7. Nb1 Bb7 8. Qc2 Nf6 9. e5 Bxf3 10. exf6 Bd5 11. Bxc4 Nc6 12. Be3 gxf6 13. Nd2 Na5 14. Bxd5 Qxd5 15. Qxc7 Bd6 16. Qc2 Qxg2 17. Ke2 Ke7 18. Rhg1 Qd5 19. Rac1 Bxh2 20. Rg7 h5 21. f4 Rac8 22. Qg6 e5 23. fxe5 fxe5 24. Bg5+ Kd7 25. Rxf7+ 1-0


[Site "https://www.chess.com"]

[Event "Titled Tuesday Blitz August 09 Early 2022"]
[White "Ozates, Tuna"]
[Black "Pranav Anand"]
[WhiteFideId "6354521"]
[BlackFideId "46626786"]
[WhiteElo "1887"]
[BlackElo "2300"]
[Result "0-1"]
[Round "01"]
[TimeControl "180+1"]
[Date "2022.08.09"]
[WhiteClock "0:02:18"]
[BlackClock "0:02:40"]

1. e4 b6 2. d4 Bb7 3. Bd3 e6 4. Nf3 d5 5. Nbd2 Nf6 6. Qe2 Be7 7. O-O c5 8. e5 Nfd7 9. c3 Nc6 10. Re1 g5 11. h3 h5 12. dxc5 bxc5 13. c4 g4 14. Ng5 Bxg5 15. cxd5 Nd4 16. Qd1 Bxd5 17. hxg4 hxg4 18. Qxg4 Bxd2 19. Bxd2 Qh4 20. Qxh4 Rxh4 21. g3 Rh1# 0-1


[Site "https://www.chess.com"]

[Event "Titled Tuesday Blitz August 09 Early 2022"]
[White "Papasimakopoulos, Alexandros"]
[Black "Lima, Kleyton Alcantara"]
[WhiteFideId "4244125"]
[BlackFideId "22718397"]
[WhiteElo "2357"]
[BlackElo "1951"]
[Result "1-0"]
[Round "01"]
[TimeControl "180+1"]
[Date "2022.08.09"]
[WhiteClock "0:01:30"]
[BlackClock "0:01:21"]

1. d4 Nf6 2. c4 g6 3. Nc3 d5 4. Nf3 Bg7 5. Bg5 Ne4 6. Bf4 Nxc3 7. bxc3 c5 8. e3 O-O 9. cxd5 Qxd5 10. Be2 Nc6 11. O-O Bf5 12. Qb3 Qxb3 13. axb3 cxd4 14. exd4 Bg4 15. h3 Bxf3 16. Bxf3 e5 17. Bxc6 bxc6 18. Bxe5 Bxe5 19. dxe5 Rfe8 20. Ra5 Rab8 21. b4 Rb7 22. f4 Rbe7 23. Rd1 h6 24. Rd6 Rc8 25. Kf2 g5 26. g3 Kg7 27. Ke3 gxf4+ 28. gxf4 Rcc7 29. Kd4 Re6 30. f5 Re8 31. h4 Kf8 32. Rxh6 Rd8+ 33. Rd6 Ke7 34. Rxd8 Kxd8 35. h5 1-0


[Site "https://www.chess.com"]

[Event "Titled Tuesday Blitz August 09 Early 2022"]
[White "Paravyan, David"]
[Black "Aaditya Dhingra"]
[WhiteFideId "4194985"]
[BlackFideId "25678191"]
[WhiteElo "2569"]
[BlackElo "1849"]
[Result "0-1"]
[Round "01"]
[TimeControl "180+1"]
[Date "2022.08.09"]
[WhiteClock "0:00:01"]
[BlackClock "0:00:07"]

1. e4 c5 2. Nf3 Nc6 3. d4 cxd4 4. Nxd4 Nf6 5. Nc3 d6 6. Bg5 e6 7. Qd2 a6 8. Nxc6 bxc6 9. O-O-O Qa5 10. Bc4 Rb8 11. Rhe1 Be7 12. Bb3 O-O 13. Bxf6 Bxf6 14. Qxd6 Bxc3 15. bxc3 Bb7 16. Re3 c5 17. Qe5 Qa3+ 18. Kd2 a5 19. Rg3 g6 20. Ke1 Ba6 21. h4 c4 22. h5 cxb3 23. h6 f6 24. Qxe6+ Kh8 25. axb3 Bb7 26. Qd7 Rg8 27. Qf7 Qf8 28. Rd7 Qxf7 29. Rxf7 Bxe4 30. Re3 Bxc2 31. Kd2 Bxb3 32. Ra7 Rgd8+ 33. Ke1 a4 34. Kf1 Re8 35. Rf3 Ra8 36. Rc7 a3 0-1


[Site "https://www.chess.com"]

[Event "Titled Tuesday Blitz August 09 Early 2022"]
[White "Pein, Jonathan"]
[Black "Livaic, Leon"]
[WhiteFideId "417092"]
[BlackFideId "14531534"]
[WhiteElo "2140"]
[BlackElo "2540"]
[Result "0-1"]
[Round "01"]
[TimeControl "180+1"]
[Date "2022.08.09"]
[WhiteClock "0:00:01"]
[BlackClock "0:00:25"]

1. Nf3 Nf6 2. c4 g6 3. d4 Bg7 4. Nc3 O-O 5. e3 d6 6. Be2 Nc6 7. O-O e5 8. Rb1 Bf5 9. Ra1 exd4 10. Nxd4 Nxd4 11. exd4 Re8 12. Bf3 c6 13. Bg5 Qb6 14. Qd2 Ne4 15. Bxe4 Bxe4 16. Be3 Qa6 17. Nxe4 Rxe4 18. b3 Rae8 19. Rad1 h5 20. h3 Qa3 21. Rfe1 a5 22. Bg5 a4 23. Rxe4 Rxe4 24. Qc2 Rxd4 25. Rxd4 Bxd4 26. Qe4 Qb2 27. Bh4 Be5 28. g4 hxg4 29. hxg4 axb3 30. axb3 Qxb3 31. c5 Qe6 32. cxd6 Bxd6 0-1


[Site "https://www.chess.com"]

[Event "Titled Tuesday Blitz August 09 Early 2022"]
[White "Petrova, Irina"]
[Black "Solon, Nathan"]
[WhiteFideId "14124122"]
[BlackFideId "2017229"]
[WhiteElo "2021"]
[BlackElo "2635"]
[Result "0-1"]
[Round "01"]
[TimeControl "180+1"]
[Date "2022.08.09"]
[WhiteClock "0:00:01"]
[BlackClock "0:00:06"]

1. e4 c6 2. d4 d5 3. e5 c5 4. dxc5 e6 5. a3 Bxc5 6. b4 Be7 7. Bb2 Nd7 8. Nf3 a5 9. b5 f6 10. Bd3 Nh6 11. O-O Nf7 12. exf6 Bxf6 13. Bxf6 Qxf6 14. Nbd2 e5 15. Re1 O-O 16. Qe2 e4 17. Nxe4 dxe4 18. Qxe4 g6 19. Bc4 Kg7 20. Rad1 Nc5 21. Qd5 Na4 22. Rd3 Nb6 23. Qc5 Bf5 24. Nd4 Bxd3 25. Ne6+ Kg8 26. Bxd3 Nd7 27. Qd5 Nb6 28. Qc5 Nd7 29. Qd5 Rad8 30. Nxd8 Rxd8 31. Bc4 Kg7 32. Re6 Qa1+ 33. Bf1 Nde5 34. Qe4 Rd1 35. h3 Rxf1+ 36. Kh2 Rxf2 37. Qh4 Qc1 38. Qxf2 Qg5 39. Re8 Qf6 0-1


[Site "https://www.chess.com"]

[Event "Titled Tuesday Blitz August 09 Early 2022"]
[White "Pinheiro, Iung Alicio de O."]
[Black "Remolar Gallen, Jose"]
[WhiteFideId "2104350"]
[BlackFideId "2215187"]
[WhiteElo "2283"]
[BlackElo "2205"]
[Result "1-0"]
[Round "01"]
[TimeControl "180+1"]
[Date "2022.08.09"]
[WhiteClock "0:02:27"]
[BlackClock "0:01:50"]

1. e4 c5 2. Nf3 d6 3. d4 cxd4 4. Nxd4 Nf6 5. Nc3 a6 6. Qd3 Nbd7 7. Bg5 h6 8. Bh4 Qc7 9. f4 b5 10. O-O-O Bb7 11. Nd5 Nc5 12. Nxc7+ 1-0


[Site "https://www.chess.com"]

[Event "Titled Tuesday Blitz August 09 Early 2022"]
[White "Quirke, Jeffrey"]
[Black "Shohat, Yotam"]
[WhiteFideId "2013029"]
[BlackFideId "2813955"]
[WhiteElo "2218"]
[BlackElo "2119"]
[Result "1-0"]
[Round "01"]
[TimeControl "180+1"]
[Date "2022.08.09"]
[WhiteClock "0:00:03"]
[BlackClock "0:00:01"]

1. d4 Nf6 2. c4 g6 3. Nc3 Bg7 4. e4 O-O 5. Be2 d6 6. Nf3 Na6 7. O-O e5 8. Be3 Qe8 9. dxe5 dxe5 10. h3 b6 11. a3 Bb7 12. Qc2 Nc5 13. Nd2 Ne6 14. Nd5 c6 15. Nxf6+ Bxf6 16. Nf3 c5 17. b4 Nd4 18. Bxd4 exd4 19. Bd3 Bg7 20. bxc5 bxc5 21. Rab1 Qd7 22. Nd2 Rfb8 23. Rb5 Bf8 24. Rfb1 Qc7 25. Qb3 Qf4 26. Nf3 Bxe4 27. Rxb8 Rxb8 28. Qxb8 Qxb8 29. Rxb8 Bxd3 30. Ne5 Bf5 31. Kf1 Kg7 32. Rb7 Be6 33. Ke2 Bd6 34. Nf3 Bxc4+ 35. Kd2 Bf4+ 36. Kc2 Bd5 37. Rxa7 Be4+ 38. Kb2 d3 39. Kc3 d2 40. Nxd2 Bxg2 41. Nc4 Bxh3 42. Kb3 Be6 43. a4 Bc7 44. a5 Kf6 45. a6 Bd8 46. Rb7 Bd5 47. Rb8 Bc7 48. a7 1-0


[Site "https://www.chess.com"]

[Event "Titled Tuesday Blitz August 09 Early 2022"]
[White "Ramirez Vido, Robert Yorisan"]
[Black "Weetik, Vjacheslav"]
[WhiteFideId "3513823"]
[BlackFideId "4153472"]
[WhiteElo "2405"]
[BlackElo "2469"]
[Result "0-1"]
[Round "01"]
[TimeControl "180+1"]
[Date "2022.08.09"]
[WhiteClock "0:00:50"]
[BlackClock "0:00:55"]

1. f4 d5 2. Nf3 g6 3. e3 Bg7 4. Be2 c5 5. d3 Nf6 6. O-O Nc6 7. Qe1 O-O 8. Kh1 d4 9. a3 Nd5 10. e4 Ne3 11. Bxe3 dxe3 12. c3 e5 13. fxe5 Nxe5 14. Nxe5 Bxe5 15. Rf3 Qg5 16. Qg1 Bg4 17. Qxe3 Qh4 18. g3 Bxf3+ 19. Qxf3 Qh6 20. a4 Qc1+ 21. Qf1 Qxb2 22. Na3 Bxc3 0-1


[Site "https://www.chess.com"]

[Event "Titled Tuesday Blitz August 09 Early 2022"]
[White "Rangel, Daniel"]
[Black "Dilanyan, Grigor"]
[WhiteFideId "2124475"]
[BlackFideId "13303570"]
[WhiteElo "2225"]
[BlackElo "2264"]
[Result "1/2-1/2"]
[Round "01"]
[TimeControl "180+1"]
[Date "2022.08.09"]
[WhiteClock "0:00:05"]
[BlackClock "0:01:14"]

1. c4 e5 2. g3 c6 3. Bg2 d5 4. cxd5 cxd5 5. Nf3 e4 6. Nd4 Bc5 7. Nc2 Nf6 8. O-O O-O 9. Nc3 Nc6 10. d3 Bf5 11. dxe4 dxe4 12. Be3 Qe7 13. Bxc5 Qxc5 14. Ne3 Bg6 15. Qa4 Qb4 16. Qxb4 Nxb4 17. a3 Nc6 18. Rfd1 Rad8 19. b4 Nd4 20. Kf1 Rfe8 21. Rac1 Nb3 22. Rxd8 Rxd8 23. Rd1 Rxd1+ 24. Ncxd1 a5 25. bxa5 Nxa5 26. Nc3 Kf8 27. Ke1 Ke7 28. Kd2 Ke6 29. Nb5 Ke5 30. Kc3 Nd5+ 31. Nxd5 Kxd5 32. e3 Nc4 33. Bf1 Ne5 34. Be2 Bf5 35. Nc7+ Kc5 36. Ne8 Bg4 37. Bxg4 Nxg4 38. Nxg7 Nxf2 39. Kd2 Ng4 40. h4 Ne5 41. Nh5 Nc4+ 42. Ke2 Kd5 43. Nf6+ Ke5 44. Nxh7 Nxa3 45. Ng5 f6 46. Nf7+ Ke6 47. Nd8+ Kf5 48. Nxb7 Nc4 49. Nc5 Ne5 50. h5 Ng4 51. Kd2 Ke5 52. Nd7+ Ke6 53. Nc5+ Kf5 54. Kc3 Nxe3 55. h6 Kg6 56. Nxe4 f5 57. Nd6 Ng4 58. Nxf5 Nf6 59. g4 Nxg4 60. h7 Kxh7 1/2-1/2


[Site "https://www.chess.com"]